[Event "CCT Julius Baer-D3 2024"]
[Site "Online"]
[Date "2024.09.28"]
[Round "52"]
[White "Niemann, Hans Moke"]
[Black "Svane, Frederik"]
[Result "1-0"]
[ECO "B90"]
[WhiteElo "2733"]
[BlackElo "2640"]
[Annotator "TA"]
[PlyCount "117"]
[EventDate "2024.09.25"]
[EventType "swiss"]
[EventCountry "NET"]
[SourceTitle "playchess.com"]
[Source "ChessBase"]
[SourceQuality "1"]
[TimeControl "600+2"]

1. e4 c5 2. Nf3 d6 3. d4 cxd4 4. Nxd4 Nf6 5. Nc3 a6 6. Bd3 g6 7. Be3 Ng4 8. Bg5 Bg7 9. Be2 {[%emt 0:00:03] White has an edge.} h6 10. Bc1 Nf6 11. Be3 Bd7 12. a4 Nc6 13. O-O O-O 14. f3 Rc8 15. Nxc6 Bxc6 16. a5 Nd7 17. Qd2 Kh7 18. Ra2 Qc7 19. Rc1 Rfe8 20. Bf1 e6 21. Bf2 Ne5 22. Raa1 f5 23. Qe1 Rf8 24. Ra3 Qe7 25. exf5 Rxf5 {[%emt 0:00:06][%cal Oe5f3] Strongly threatening ...Nxf3+!} 26. Ne4 Bxe4 27. Qxe4 d5 28. Qe1 Nc4 {[%emt 0:00:09] Repels Re3} 29. Bxc4 Rxc4 30. Re3 e5 31. c3 e4 32. Qe2 Qf7 {[%emt 0:00:03] aiming for ...Bd4.} 33. fxe4 dxe4 {[%emt 0:00:09] Threatens to win with ...Bd4.} 34. Rf1 Rxa5 35. Rxe4 Rxe4 36. Qxe4 Rf5 37. Qe2 a5 38. Rd1 b5 39. h3 Re5 40. Qg4 h5 41. Qd7 Rf5 42. Qxf7 Rxf7 $11 {[%emt 0:00:00][%mdl 4096] Endgame. KRB-KRB} 43. Rd5 Rb7 44. Bc5 b4 45. cxb4 axb4 46. Bd4 Bxd4+ 47. Rxd4 {[%emt 0:00:00] KR-KR} Kg7 48. Kf2 Kf6 49. Ke3 Re7+ 50. Kd3 {[%emt 0:00:01] Rf4+ is the strong threat.} Re1 (50... b3 $11) 51. Rxb4 $16 {[%emt 0:00:13] Hoping for Re4.} Rg1 (51... Kf5 $16) 52. Rf4+ $18 Ke5 53. Rf2 g5 (53... Kd5 $16 {is a better defense.} 54. b3 Rd1+ 55. Rd2 Rg1 56. Ke3+ Ke5) 54. b4 g4 {[%emt 0:00:13] [#]} 55. hxg4 hxg4 {[%emt 0:00:00] [#]} 56. Kc4 (56. Rd2 $1 $18 {and the rest is easy.}) 56... Rc1+ $2 (56... Kd6 $16 57. Kb5 Ke5) 57. Kb5 {[%emt 0:00:02] White is clearly winning.} Ke4 58. g3 Rc8 59. Rf4+ {[%emt 0:00:01] Weighted Error Value: White=0.07 (flawless) /Black=0.13 (very precise) .  Loses game:     	---       	Black=1      Missed win:     	White=1     	---        Mistake:       	---       	Black=3      Inaccurate:     	White=3     	Black=3      OK:         	White=27    	Black=12     Best:        	White=3     	---} 1-0

[Event "CCT Julius Baer-D3 2024"]
[Site "Online"]
[Date "2024.09.28"]
[Round "52"]
[White "Navara, David"]
[Black "Predke, Alexandr"]
[Result "1-0"]
[ECO "C78"]
[WhiteElo "2681"]
[BlackElo "2671"]
[Annotator "TA"]
[PlyCount "101"]
[EventDate "2024.09.25"]
[EventType "swiss"]
[EventCountry "NET"]
[SourceTitle "playchess.com"]
[Source "ChessBase"]
[SourceQuality "1"]
[TimeControl "600+2"]

1. e4 e5 2. Nf3 Nc6 3. Bb5 a6 4. Ba4 Nf6 5. O-O b5 6. Bb3 Bc5 7. c3 d6 8. d4 Bb6 9. Be3 $1 {[%emt 0:00:01][%mdl 4] is now more promising than 9.a4.} O-O {[%emt 0:00:15] C78: Ruy Lopez: Archangelsk and Möller Defences.} 10. h3 h6 11. Nbd2 exd4 12. cxd4 Ne7 13. Re1 c5 $146 ({Predecessor:} 13... Bb7 14. Bc2 Re8 15. a3 Ng6 16. d5 c6 17. dxc6 {½-½ Hracek,Z (2631)-Brkic,A (2586) EU-ch 16th Jerusalem 2015 (8)}) 14. e5 dxe5 15. dxc5 Bc7 16. Nf1 Bb7 17. Ng3 Re8 18. Qxd8 Raxd8 19. Rad1 Ned5 20. Bc1 e4 $1 21. Nd4 e3 (21... Nb4 {simplifies} 22. Be3 Nd3 23. Re2 Bxg3 24. fxg3 Nxc5 25. Bc2 Na4) 22. Ndf5 exf2+ 23. Kxf2 Re6 (23... Rxe1 $5 24. Kxe1 Nb4 25. Rxd8+ Bxd8 $15) 24. a3 Rde8 25. Nd6 (25. Bc2 {is more complex.} b4 26. Bd2 bxa3 27. bxa3 Rc8 28. Ne4) 25... Bxd6 26. cxd6 Rxe1 (26... Rxd6 {simplifies} 27. Rxe8+ Nxe8 28. Ne4 Rc6) 27. Rxe1 Rxe1 28. Kxe1 Nb6 29. Kf2 Bd5 {[%emt 0:00:04] [#]} (29... Nc8 $11 {remains equal.}) 30. Bc2 ({Only move:} 30. Bxd5 $1 $16 Nbxd5 31. Bd2) 30... Nc4 $11 31. Nf5 Be6 32. b3 Bxf5 33. Bxf5 Nxd6 34. Bd3 Kf8 35. Ke3 Ke7 36. Kd4 Kd7 37. a4 Kc6 38. Ba3 Nfe8 39. Be2 f6 (39... bxa4 $11 40. bxa4 (40. Bxa6 $2 Nc7 $19) 40... Nc7) 40. Bf3+ $16 Kd7 41. Kc5 f5 (41... bxa4 $142 42. bxa4 Kc7) 42. Bc6+ $16 Ke6 $2 {[%emt 0:00:02] [#]} (42... Kd8 $16 43. Bb2 (43. axb5 Nxb5 44. Bb4 Nec7 $16) 43... Ne4+ 44. Bxe4 fxe4) 43. a5 $1 $18 ({Less strong is} 43. axb5 axb5 44. Bd5+ (44. Bxb5 Nxb5 45. Kxb5 Kd5 $11) 44... Kd7 $14) 43... g5 44. Kb6 Nf6 45. Kxa6 f4 46. Kb6 h5 47. Bxd6 Kxd6 48. a6 g4 49. hxg4 h4 50. a7 f3 51. gxf3 (51. a8=B Nd5+ 52. Bxd5 f2 $17) 1-0

[Event "CCT Julius Baer-D3 2024"]
[Site "Online"]
[Date "2024.09.28"]
[Round "52"]
[White "Deac, Bogdan-Daniel"]
[Black "Makarian, Rudik"]
[Result "1/2-1/2"]
[ECO "A13"]
[WhiteElo "2680"]
[BlackElo "2550"]
[Annotator "TA"]
[PlyCount "137"]
[EventDate "2024.09.25"]
[EventType "swiss"]
[EventCountry "NET"]
[SourceTitle "playchess.com"]
[Source "ChessBase"]
[SourceQuality "1"]
[TimeControl "600+2"]

1. Nf3 Nf6 2. c4 e6 3. b3 d5 4. Bb2 dxc4 5. bxc4 b6 6. g3 {[%emt 0:00:10] A13: English Opening: 1...e6.} Bb7 7. Bg2 Be7 8. O-O O-O 9. d3 c5 10. a4 Nc6 11. Ne5 Qc7 12. Nxc6 Bxc6 13. Nd2 Bxg2 14. Kxg2 Nd7 15. a5 Qc6+ 16. Kg1 Rfb8 $146 ({Predecessor:} 16... h5 17. Nf3 Rab8 18. axb6 axb6 19. Qd2 b5 20. cxb5 Rxb5 21. Ra7 Rb7 22. Rfa1 Rxa7 23. Rxa7 Ra8 {½-½ Rozen,E (2377)-Efroimski,M (2419) Novi Sad TS Mix 224th 2021 (4)}) 17. axb6 axb6 18. Qb3 h5 19. h4 Kh7 20. Nf3 Rxa1 21. Rxa1 Ra8 22. Rxa8 Qxa8 23. Qb5 Qb7 24. Ne5 Nxe5 25. Bxe5 Bf6 26. Bxf6 (26. Bd6 {keeps more tension.} Bd4 27. Qa4 Kg6 28. Qe8) 26... gxf6 27. d4 Qe4 28. dxc5 bxc5 29. Qxc5 Qxe2 30. Qd4 e5 31. Qd5 Kg7 32. c5 e4 33. Qd4 Qc2 34. Kg2 Kg6 35. Qe3 Kg7 36. Kh2 Kg6 37. Kg1 Kg7 38. Qd4 Kg6 39. Kf1 Kg7 40. Ke1 Kg6 41. Kf1 Kg7 42. Qd5 Kg6 43. c6 Qc1+ 44. Kg2 Qc2 45. Kf1 e3 46. fxe3 Qc1+ 47. Ke2 Qc2+ $1 48. Kf3 f5 $2 {[%emt 0:00:02][%mdl 8192] [#]} (48... Qc1 $1 $11 {and Black has nothing to worry.} 49. Kf4 Qf1+ 50. Qf3 Qb5 51. Qe4+ f5) 49. Qd6+ $2 ({White has to play} 49. e4 $1 $18 ) 49... f6 $11 50. Qd5 Qc1 51. Qg8+ Kh6 52. Qf8+ Kg6 53. Qe8+ Kg7 54. Qd7+ (54. Qxh5 $2 Qf1#) 54... Kg6 55. e4 Qc3+ 56. Ke2 Qc2+ 57. Ke1 Qc1+ 58. Kf2 Qc2+ 59. Ke3 Qc3+ 60. Ke2 Qc2+ 61. Kf1 Qc1+ 62. Kg2 Qc2+ 63. Kh3 Qxe4 64. Kh2 Qe2+ 65. Kg1 Qe1+ 66. Kg2 Qe2+ 67. Kg1 Qe1+ 68. Kg2 Qe2+ 69. Kg1 1/2-1/2

[Event "CCT Julius Baer-D3 2024"]
[Site "Online"]
[Date "2024.09.28"]
[Round "52"]
[White "Predke, Alexandr"]
[Black "Navara, David"]
[Result "1/2-1/2"]
[ECO "D38"]
[WhiteElo "2671"]
[BlackElo "2681"]
[Annotator "RC"]
[PlyCount "195"]
[EventDate "2024.09.25"]
[EventType "swiss"]
[EventCountry "NET"]
[SourceTitle "playchess.com"]
[Source "ChessBase"]
[SourceQuality "1"]
[TimeControl "600+2"]

1. d4 Nf6 2. c4 e6 3. Nf3 d5 4. Nc3 Bb4 5. Bg5 h6 6. Bxf6 Qxf6 7. Qa4+ Nc6 8. e3 O-O 9. Be2 dxc4 10. O-O Rd8 11. Qb5 Bxc3 12. bxc3 Rb8 13. Qxc4 Qe7 14. Bd3 e5 15. Be4 Be6 16. d5 f5 17. dxe6 fxe4 18. Qxe4 Qxe6 19. c4 Rd6 20. Rab1 b6 21. Rb5 Rbd8 22. h4 a6 23. Rbb1 Qg6 24. Nd2 Qxe4 25. Nxe4 Rd3 26. Rfc1 Ra3 27. Rb2 Ra4 28. f3 Rd3 29. Kf2 Rda3 30. Rd1 Rxa2 31. Rxa2 Rxa2+ 32. Kg3 Re2 33. Kg4 Ne7 34. Rd7 Kf7 35. Rxc7 Rxg2+ 36. Kh3 Rc2 37. Rb7 b5 38. cxb5 axb5 39. Rxb5 Ke6 40. Rb6+ Rc6 41. Rb7 Nf5 42. h5 Rc1 43. Ng3 Nxg3 44. Kxg3 Rg1+ 45. Kf2 Rg5 46. Ra7 Kf6 47. Ra6+ Kf7 48. Ra7+ Kf6 49. Ra6+ Kf7 50. Ra5 Rxh5 51. f4 Kg6 52. fxe5 Rf5+ 53. Ke2 Kf7 54. Kd3 Rf1 55. Ra7+ Ke6 56. Ke4 h5 57. Rxg7 h4 58. Rh7 Ra1 59. Rh6+ Ke7 60. Kf4 Rf1+ 61. Ke4 Ra1 62. Rh8 Ke6 63. Re8+ Kf7 64. Rb8 h3 65. Rh8 Rh1 66. Rh7+ Ke6 67. Rh6+ Ke7 68. Kf5 Rf1+ 69. Kg4 h2 70. Rxh2 Ke6 71. Rh5 Rf2 72. Kg3 Rf5 73. Rh8 Rxe5 74. Kf4 Rf5+ 75. Ke4 Re5+ 76. Kd4 Rd5+ 77. Kc4 Rd7 78. Rh5 Rd2 79. Kc3 Rd1 80. Rg5 Kf6 81. Rc5 Ke6 82. Rc4 Rc1+ 83. Kd4 Rxc4+ 84. Kxc4 Ke5 85. Kd3 Kd5 86. e4+ Ke5 87. Ke3 Ke6 88. Kd4 Kd6 89. e5+ Ke6 90. Ke4 Ke7 91. Kd5 Kd7 92. e6+ Ke7 93. Ke5 Ke8 94. Kd5 Ke7 95. Ke5 Ke8 96. Kd6 Kd8 97. e7+ Ke8 98. Ke6 1/2-1/2

[Event "CCT Julius Baer-D3 2024"]
[Site "Online"]
[Date "2024.09.28"]
[Round "52"]
[White "Martirosyan, Haik M."]
[Black "Kamsky, Gata"]
[Result "0-1"]
[ECO "D11"]
[WhiteElo "2667"]
[BlackElo "2609"]
[Annotator "TA"]
[PlyCount "92"]
[EventDate "2024.09.25"]
[EventType "swiss"]
[EventCountry "NET"]
[SourceTitle "playchess.com"]
[Source "ChessBase"]
[SourceQuality "1"]
[TimeControl "600+2"]

1. d4 d5 2. c4 c6 3. Nf3 Nf6 4. Qb3 e6 5. g3 a5 6. Bg2 {[%emt 0:00:04] D11: Slav Defence: 3 Nf3 sidelines and 3...Nf6 4 e3 Bg4.} Nbd7 7. O-O Be7 8. Nc3 O-O 9. Bf4 $146 ({Predecessor:} 9. a4 Bd6 10. Re1 dxc4 11. Qxc4 e5 12. Be3 Qe7 13. dxe5 {½-½ Friberg,H (2208)-Soederberg,K (2262) Nordic Club-chT 2nd B1 email 2007}) 9... a4 10. Qc2 dxc4 11. Nxa4 Nd5 12. Bd2 b5 13. Nc3 Nxc3 14. bxc3 Ra4 15. Bf4 Bb7 16. e4 (16. Rfb1 $15) 16... Qa5 $17 17. e5 Ra8 (17... c5 $142 {Threatens to win with ...Qa8.} 18. Rfb1 Rb8 19. dxc5 Nxc5) 18. Ng5 $17 Bxg5 ({Inferior is} 18... Rxa2 19. Qxh7+ Kf8 20. Qh8#) (18... g6 {with more complications.} 19. Ne4 Qa6 20. Qd2 c5) 19. Bxg5 Rxa2 20. Rxa2 Qxa2 21. Qe4 Qb2 22. Qh4 $2 (22. Qe3 $15) 22... Qxc3 $19 23. Be3 Qa3 24. Be4 Nf8 25. Qg4 Nd7 $2 ({Black should try} 25... b4 $19 {...b3 is the strong threat.} 26. h4 b3) 26. h4 $2 (26. Qh4 $1 $11 {and White stays safe.} Nf8 27. h3) 26... Qe7 $19 27. Qf3 Qe8 28. Bg5 h6 29. Bf4 f5 30. Bb1 (30. exf6 $142 Nxf6 31. Rd1) 30... Rb8 31. g4 Qg6 32. g5 h5 33. Rd1 Qe8 ({Don't play} 33... c5 34. Qa3 $19) 34. Qa3 Qf8 35. Qa7 Qc8 (35... g6 $142 36. Kf1 Qc8) 36. Qa5 $2 (36. Bxf5 exf5 37. e6) 36... Ra8 $19 37. Qd2 g6 38. Bc2 Nb6 39. Rb1 Nd5 40. Bd1 Qc7 41. Qc1 Qa5 42. Bd2 Qa3 43. Qc2 Qh3 44. Be2 c5 45. f4 Ne3 46. Qe4 Qg3+ 0-1

[Event "CCT Julius Baer-D3 2024"]
[Site "Online"]
[Date "2024.09.28"]
[Round "52"]
[White "Martirosyan, Haik M."]
[Black "Kamsky, Gata"]
[Result "1/2-1/2"]
[ECO "D35"]
[WhiteElo "2667"]
[BlackElo "2609"]
[Annotator "TA"]
[PlyCount "75"]
[EventDate "2024.09.25"]
[EventType "swiss"]
[EventCountry "NET"]
[SourceTitle "playchess.com"]
[Source "ChessBase"]
[SourceQuality "1"]
[TimeControl "600+2"]

1. d4 Nf6 2. c4 e6 3. Nf3 d5 4. Nc3 c6 5. Bg5 Nbd7 6. cxd5 exd5 7. Qc2 Be7 8. e3 Nh5 9. Bxe7 Qxe7 10. Bd3 Nhf6 11. O-O O-O 12. Rae1 g6 13. Nd2 Qd6 14. a3 {[%emt 0:00:27] White is slightly better.} a5 15. f3 b5 16. Nb3 a4 17. Nc1 b4 18. axb4 Qxb4 19. N1e2 c5 20. Bb5 Nb6 21. Ra1 Bf5 22. Qd2 Bd7 23. Bd3 Rab8 24. Rfc1 Rfe8 25. dxc5 Qxc5 26. Nxa4 {[%emt 0:00:18] The position is equal.} Qxe3+ 27. Qxe3 Rxe3 28. Nc5 Bf5 29. Nf4 Bxd3 30. Nfxd3 d4 31. Rd1 Nfd5 32. Nf2 Re2 33. Rxd4 Rxb2 34. Re1 Rc8 35. Ncd3 Ra2 36. h4 Rc4 37. Ree4 {[%emt 0:00:31] [#] Black must now prevent Rxd5.} Rxd4 38. Rxd4 {[%emt 0:00:02] Weighted Error Value: White=0.05 (flawless) /Black=0.04 (flawless) .  OK:         	White=10    	Black=7      Best:        	---       	Black=1} 1/2-1/2

[Event "CCT Julius Baer-D3 2024"]
[Site "Online"]
[Date "2024.09.28"]
[Round "52"]
[White "Gelfand, Boris"]
[Black "Amin, Bassem"]
[Result "1/2-1/2"]
[ECO "E94"]
[WhiteElo "2658"]
[BlackElo "2636"]
[Annotator "TA"]
[PlyCount "96"]
[EventDate "2024.09.25"]
[EventType "swiss"]
[EventCountry "NET"]
[SourceTitle "playchess.com"]
[Source "ChessBase"]
[SourceQuality "1"]
[TimeControl "600+2"]

1. d4 Nf6 2. c4 g6 3. Nc3 Bg7 4. e4 d6 5. Be2 O-O 6. Nf3 e5 7. O-O exd4 8. Nxd4 Re8 9. f3 c6 10. Bg5 Qb6 11. Kh1 Nxe4 12. Nxe4 {[%emt 0:00:09] White is slightly better.} Qxd4 13. Nxd6 Re6 (13... Rxe2 $2 14. Qxe2 Qxd6 15. Rad1 $18) 14. Nxc8 {[%emt 0:00:22] [#] Hoping for f4.} h6 $1 15. Qxd4 Bxd4 16. Rad1 (16. Ne7+ Kg7 17. Bh4 Rxe2 $17) 16... c5 17. Bxh6 ({Avoid the trap} 17. Rxd4 $2 cxd4 18. Ne7+ Kh7 $19) 17... Rxe2 18. Rfe1 Rxe1+ 19. Rxe1 Bxb2 20. Nd6 ({Don't play} 20. Re8+ $6 Kh7 $16) 20... Nc6 21. Nxb7 Bc3 22. Rc1 Bd4 23. Nd6 {[%emt 0:00:51] [#]} (23. Bf4 $11) 23... Nb4 $1 $17 {[%emt 0:00:26][%cal Ob4d3] White must now prevent ...Nd3!} 24. Nb5 Nxa2 25. Re1 (25. Rf1 $17) 25... Bf6 26. Be3 Re8 27. Nc7 (27. Nxa7 $2 {too greedy.} Bc3 28. Re2 Nb4 $19) 27... Re5 28. Nd5 {[%emt 0:00:17] Dodges Nb4} Bg7 29. Rf1 Nb4 30. Bxc5 Nxd5 31. cxd5 Rxd5 32. Bxa7 $11 {[%emt 0:00:02][%mdl 4096] Endgame. KRB-KRB} Ra5 33. Be3 Ra1 34. Kg1 Rxf1+ 35. Kxf1 $14 {[%emt 0:00:01] KB-KB} f5 36. Ke2 Kf7 37. Kd3 Be5 38. h3 Ke6 39. g4 fxg4 40. hxg4 Kf7 41. Ke4 Bb2 42. Bd4 Bc1 43. Ke5 Bd2 44. f4 Bc1 45. f5 (45. Ba1 $14) 45... gxf5 $11 {[%emt 0:00:02] The position is equal.} 46. Kxf5 Bd2 47. Be5 Bc1 48. g5 $1 Bxg5 {[%emt 0:00:02] Weighted Error Value: White=0.08 (flawless) /Black=0.05 (flawless) .  Mistake:       	White=3     	---        Inaccurate:     	White=1     	Black=3      OK:         	White=16    	Black=20     Best:        	White=3     	Black=2      Strong:       	White=1     	Black=2} 1/2-1/2

[Event "CCT Julius Baer-D3 2024"]
[Site "Online"]
[Date "2024.09.28"]
[Round "52"]
[White "Svane, Frederik"]
[Black "Niemann, Hans Moke"]
[Result "1-0"]
[ECO "C54"]
[WhiteElo "2640"]
[BlackElo "2733"]
[Annotator "TA"]
[PlyCount "133"]
[EventDate "2024.09.25"]
[EventType "swiss"]
[EventCountry "NET"]
[SourceTitle "playchess.com"]
[Source "ChessBase"]
[SourceQuality "1"]
[TimeControl "600+2"]

1. e4 e5 2. Nf3 Nc6 3. Bc4 Nf6 4. d3 Bc5 5. c3 O-O 6. Bg5 Be7 {[%emt 0:00:03] C54: Giuoco Piano: 4 c3 Nf6, main lines with 5 d4 and 5 d3.} 7. Nbd2 d6 8. a4 h6 9. Bh4 a5 10. Bg3 Re8 11. O-O Bf8 $146 ({Predecessor:} 11... Be6 12. Bxe6 fxe6 13. h3 Qd7 14. Nh2 Rf8 15. Ng4 Kh7 16. Nc4 Qe8 17. Nxf6+ Bxf6 {1-0 Lagunow,R (2438)-Reuker,J (2394) BL2-Nord 1920 2019 (2.2)}) 12. Re1 Be6 13. Bb5 Bd7 14. h3 Ne7 15. d4 Ng6 16. Qb3 Bxb5 17. Qxb5 Qd7 18. dxe5 Nxe5 19. Nxe5 dxe5 20. Nc4 Bd6 21. Qxd7 Nxd7 22. Red1 Nc5 23. f3 Red8 24. Rd5 (24. Nxe5 $2 Nb3 (24... f6 25. Rxd6 Rxd6 26. Nc4 $17) 25. Rab1 $19) 24... f6 25. Nxd6 cxd6 26. Bf2 Rac8 27. Kf1 Kf7 28. Ke2 Ke6 29. g4 Rc6 30. h4 b6 31. h5 Na6 32. Rd3 Nc5 33. Rd5 Na6 $1 34. Rad1 Rb8 35. Be3 (35. c4 $1 $16) 35... Nc5 36. Ra1 Na6 37. Rd3 Nc5 38. Rdd1 Na6 39. Kd3 Rbc8 40. Kc2 Nc5 41. Rd5 R8c7 42. Ra3 Rc8 43. Kd1 Ra8 44. Ke2 Ra7 45. Rd1 Rc8 46. Rd2 Rca8 (46... Ke7 $14) 47. Bxc5 $1 $16 dxc5 48. Rb3 Rb8 49. Rd5 c4 (49... Rd7 $2 50. Rxc5 bxc5 51. Rxb8 $18) 50. Rbb5 Rc7 51. Ke3 Rc6 52. f4 exf4+ 53. Kxf4 Rf8 54. Ke3 Re8 55. Kd4 Rf8 56. Rf5 $1 Rd8+ {[%emt 0:00:01] [#]} 57. Rbd5 $1 Re8 {[%emt 0:00:21] [#]} 58. e5 $1 Re7 59. Rd8 Kf7 $2 (59... Rd7+ 60. Rxd7 Kxd7) 60. Rd6 $18 Rxd6+ 61. exd6 Re2 62. Kd5 (62. Kxc4 Ke6 $16) 62... Rd2+ 63. Kc6 Ke6 64. Kxb6 (64. Kc7 $142 Rxd6 65. Rf2 (65. Rb5 Ke7 $18)) 64... Rxb2+ $2 (64... Kxd6 $18 65. Rb5 (65. Kxa5 Rxb2 66. Rf4 Kc5 $11) 65... Rg2 66. Kxa5 (66. Rxa5 Rxb2+ 67. Rb5 Rc2 $11) 66... Kc6) 65. Kc7 ({Inferior is} 65. Kxa5 Kxd6 66. Rf4 (66. Rb5 Rb3 $11) 66... Kc5 $11) 65... Rd2 66. Rf1 Ke5 67. d7 1-0

[Event "CCT Julius Baer-D3 2024"]
[Site "Online"]
[Date "2024.09.28"]
[Round "52"]
[White "Amin, Bassem"]
[Black "Gelfand, Boris"]
[Result "0-1"]
[ECO "B30"]
[WhiteElo "2636"]
[BlackElo "2658"]
[Annotator "TA"]
[PlyCount "64"]
[EventDate "2024.09.25"]
[EventType "swiss"]
[EventCountry "NET"]
[SourceTitle "playchess.com"]
[Source "ChessBase"]
[SourceQuality "1"]
[TimeControl "600+2"]

1. e4 c5 2. Nf3 Nc6 3. Bb5 e6 4. Bxc6 bxc6 5. d3 Ne7 6. Nbd2 Qc7 7. h4 e5 8. h5 {[%emt 0:00:03][%cal Oh5h6] The position is equal.} d6 9. Nc4 Ng8 10. Nh2 Nf6 11. O-O ({White should play} 11. Bg5 $14) 11... Be6 12. b3 d5 13. Ne3 dxe4 14. dxe4 Nxe4 15. Qf3 Nf6 16. Bb2 e4 17. Qe2 Bd6 $36 {[%emt 0:00:01][%mdl 2048] Black has some pressure.} 18. Nhg4 Nxh5 (18... Nxg4 $5 19. Nxg4 f5 $11) 19. Nc4 f5 20. Nxd6+ Qxd6 21. Be5 $2 {[%emt 0:00:02] [#]} (21. Ne5 $11 Nf4 22. Qe3) 21... Qe7 $1 $19 22. Ne3 Qg5 {[%emt 0:00:19] Strongly threatening ...f4.} 23. f4 exf3 24. Qxf3 O-O {[%emt 0:00:03] aiming for ...f4.} 25. Bd6 Rf7 {[%emt 0:00:24] ...f4 would now be deadly.} 26. Rae1 Rc8 27. Nc4 (27. Bf4 $142 Nxf4 28. Qxf4 Qxf4 29. Rxf4) 27... Bd5 $17 28. Qf2 (28. Qh3 $17 {was necessary.}) 28... f4 $2 (28... Rd8 $19 {...Bxc4 is the strong threat.} 29. Bh2 f4) 29. Re5 $2 (29. Ne5 $15 Rf6 30. Be7) 29... Qg6 $19 {[%emt 0:00:26] And now ...Ng3 would win.} 30. Bxc5 $2 (30. Rfe1 h6 31. Bxc5 Bxc4 32. bxc4) 30... Ng3 {[%emt 0:00:04] White must now prevent ...Qh6. Black is clearly winning.} (30... f3 31. Rxd5 cxd5 32. Ne5 $17) 31. Rfe1 Qh6 ({Worse is} 31... Ne4 32. R5xe4 Bxe4 33. Nd6 $16 (33. Bxa7 Rxa7 34. Ne5 Qxg2+ 35. Qxg2 Bxg2 $19)) 32. Re8+ {[%emt 0:00:39] [#]} Rf8 $3 {[%emt 0:00:03][%mdl 512] Weighted Error Value: White=1.02/Black=0.17 (very precise) .  Loses game:     	White=2     	---        Missed win:     	---       	Black=1      Mistake:       	White=4     	---        Inaccurate:     	White=2     	Black=3      OK:         	White=9     	Black=6      Best:        	White=2     	Black=4      Strong:       	---       	Black=1} 0-1

[Event "CCT Julius Baer-D3 2024"]
[Site "Online"]
[Date "2024.09.28"]
[Round "52"]
[White "Svane, Rasmus"]
[Black "Hakobyan, Aram"]
[Result "0-1"]
[ECO "E06"]
[WhiteElo "2629"]
[BlackElo "2617"]
[Annotator "TA"]
[PlyCount "94"]
[EventDate "2024.09.25"]
[EventType "swiss"]
[EventCountry "NET"]
[SourceTitle "playchess.com"]
[Source "ChessBase"]
[SourceQuality "1"]
[TimeControl "600+2"]

1. c4 Nf6 2. Nf3 e6 3. g3 d5 4. Bg2 Be7 5. d4 O-O 6. Nc3 Nc6 7. b3 Bb4 8. Bd2 (8. Bb2 $14) 8... dxc4 $15 {[%emt 0:00:35] Black is slightly better.} 9. e3 Nd5 10. Nxd5 exd5 11. bxc4 dxc4 {[%emt 0:00:02] [#] And now ...c3 would win.} 12. Bxb4 Nxb4 13. O-O c6 14. Ne5 {[%emt 0:00:32][%mdl 1024] White has compensation.} c3 {[%emt 0:00:53] Repels Qd2} (14... Be6 $5) 15. Qb3 Nd5 16. e4 Nc7 17. d5 (17. Qxc3 Nb5 18. Qb4 a5 $17 (18... Nxd4 19. Rad1 $14) (18... Qxd4 $2 19. Qe7 $17)) 17... Re8 18. f4 Nb5 19. Kh1 Qa5 $1 20. Rfd1 {[%emt 0:00:17] Inhibits Nd4.} Qa3 (20... cxd5 21. Rxd5 a6 22. Rxb5 (22. Nxf7 Be6 $14) 22... Qxb5 23. Qxf7+ Kh8 24. a4 $14) 21. Qc4 (21. dxc6 $11 Qxb3 22. axb3) 21... a6 {[%emt 0:00:20] Hoping for ...f6.} 22. dxc6 Be6 23. Qe2 ({White should play} 23. Qd3) 23... bxc6 24. f5 Qb2 (24... f6 $1 $17 {Strongly threatening ...Qb2.} 25. fxe6 fxe5) 25. Qf1 (25. Qh5 $11 {remains equal.} c2 (25... Bxa2 26. Nd3 $11) 26. fxe6 cxd1=Q+ (26... cxd1=B 27. exf7+ Kf8 28. fxe8=Q+ Rxe8 29. Qf7#) (26... cxd1=R+ 27. Rxd1 fxe6 28. Qf7+ Kh8 29. Qh5 $11) 27. Rxd1) 25... Bxa2 $17 26. Nd3 Bc4 27. e5 $2 {[%emt 0:00:17][%mdl 8192] White does not recover from this.} (27. Nxb2 $17 Bxf1 28. Rxf1 cxb2 29. Rab1) 27... Rad8 $19 28. Rab1 (28. Nxb2 $142 Bxf1 29. Rxf1 cxb2 30. Rxa6) 28... Qa3 29. e6 c2 30. exf7+ Bxf7 31. Ra1 cxd1=Q 32. Rxd1 Nc3 33. Ra1 Qd6 34. Nf4 {[%emt 0:00:02] [#]} Qd1 $3 35. Bxc6 (35. h4 Qxf1+) 35... Qxf1+ 36. Rxf1 Re5 37. Kg2 Rxf5 38. Rc1 Nd5 39. Bxd5 Bxd5+ 40. Kh3 Bf7 {[%emt 0:00:00] White must now prevent ...g5.} 41. Kg4 Rf6 42. h4 Rf8 43. Rc7 h6 44. h5 Ra8 {[%emt 0:00:03] Threatens to win with ...a5.} 45. Re7 a5 {[%emt 0:00:01] ( -> ...a4)} 46. Re3 a4 47. Ra3 Rb6 {[%emt 0:00:01] Weighted Error Value: White=0.68/Black=0.35.  Loses game:     	White=1     	---        Mistake:       	White=5     	Black=1      Inaccurate:     	White=2     	Black=4      OK:         	White=9     	Black=7      Best:        	White=1     	Black=3      Strong:       	---       	Black=1} 0-1

[Event "CCT Julius Baer-D3 2024"]
[Site "Online"]
[Date "2024.09.28"]
[Round "52"]
[White "Santos Latasa, Jaime"]
[Black "Bosiocic, Marin"]
[Result "0-1"]
[ECO "B15"]
[WhiteElo "2624"]
[BlackElo "2555"]
[Annotator "TA"]
[PlyCount "42"]
[EventDate "2024.09.25"]
[EventType "swiss"]
[EventCountry "NET"]
[SourceTitle "playchess.com"]
[Source "ChessBase"]
[SourceQuality "1"]
[TimeControl "600+2"]

1. e4 c6 2. d4 d5 3. Nd2 dxe4 4. Nxe4 Nf6 5. Nxf6+ exf6 6. c3 Bd6 7. Bd3 O-O 8. Ne2 Re8 9. O-O Nd7 10. Ng3 Nf8 11. f4 {[%emt 0:00:14][%cal Bf2f4,Bf4f5][%mdl 32] Weiß hat minimalen Vorteil.} Bc7 12. Bc2 Be6 13. f5 Bc4 {[%emt 0:00:04][%cal Oc7g3] ...Bxg3! wäre nun fies.} 14. Rf2 c5 15. b3 (15. dxc5 $2 {verliert.} Qxd1+ 16. Bxd1 Bxg3 17. hxg3 Re1+ 18. Kh2 Rxd1 $19) 15... Ba6 16. Nh5 $2 {[%emt 0:00:31] Der Zug kostet die Partie für Weiß.} (16. d5 $11 {und Weiss ist OK.}) 16... cxd4 $19 17. cxd4 $2 {[%emt 0:00:03] [#]} (17. c4 d3 18. Bxd3) 17... Qxd4 $3 {[%emt 0:00:26][%mdl 512] Schwarz steht klar auf Gewinn.} 18. Bh6 (18. Bf4 Bb6) 18... Bb6 19. Bxg7 Qxf2+ 20. Kh1 {[%emt 0:00:02] [#]} Nd7 $1 21. Bxf6 (21. Bh6 Re2) 21... Re2 {[%emt 0:00:06] Gewichteter Fehlerwert: Weiß=1.71/Schwarz=0.02 (makellos) .  Verlustzug:     	Weiß=1     	---        Fehler:       	Weiß=1     	---        Ungenau:       	Weiß=3     	---        OK:         	---       	Schwarz=4     Bester:       	---       	Schwarz=1     Brilliant:      	---       	Schwarz=1} 0-1